 Dungeon Crawl Stone Soup version 0.23-a0-26-g9187234747 (webtiles) character file.

47 Esekla the Vexing (level 3, -6/26 HPs)
             Began as a Formicid Enchanter on Aug 3, 2018.
             Mangled by a worm (11 damage)
             ... on level 2 of the Dungeon.
             The game lasted 00:10:42 (1364 turns).

Esekla the Vexing (Formicid Enchanter)              Turns: 1364, Time: 00:10:43

Health: -6/26      AC:  2    Str: 12    XL:     3   Next: 97%
Magic:  6/6        EV: 10    Int: 15    God:
Gold:   141        SH:  0    Dex: 11    Spells: 2/6 levels left

rFire    . . .     SeeInvis +   o - -3 hand axe (curse)
rCold    . . .     Gourm    .   (no shield)
rNeg     . . .     Faith    .   b - +0 robe
rPois    .         Spirit   .   (helmet unavailable)
rElec    .         Reflect  .   (no cloak)
rCorr    .         Harm     .   (no gloves)
MR       .....                  (no boots)
Stlth    +.........             (no amulet)
HPRegen  0.08/turn              f - ring of attention (curse)
MPRegen  0.10/turn              c - -2 ring of evasion (curse)

@: no status effects
A: permanent stasis, dig shafts and tunnels, four strong arms, antennae 3
a: Dig, Shaft Self


You were on level 2 of the Dungeon.
You were not hungry.

You visited 1 branch of the dungeon, and saw 2 of its levels.

You collected 141 gold pieces.

Inventory:

Hand Weapons
 a - a +2 dagger
 o - a cursed -3 hand axe (weapon)
Missiles
 l - 20 stones (quivered)
Armour
 b - a +0 robe (worn)
Jewellery
 c - a cursed -2 ring of evasion (right hand)
 f - a cursed ring of attention (left hand)
 i - a +2 ring of protection
Scrolls
 j - a scroll of enchant weapon
 n - a scroll of fear
Potions
 e - a potion of degeneration {unknown}
 g - a potion of heal wounds {unknown}
 h - 2 potions of lignification
 k - a potion of curing {unknown}
 m - a potion of invisibility {unknown}
Comestibles
 d - 3 rations


   Skills:
 * Level 1.2 Fighting
 * Level 2.0 Short Blades
 + Level 2.1 Dodging
 - Level 3.8 Stealth
 + Level 2.4 Spellcasting
 - Level 4.0 Hexes


You had 2 spell levels left.
You knew the following spells:

 Your Spells              Type           Power        Failure   Level  Hunger
a - Corona                Hex            ##.....      4%          1    #......
b - Tukima's Dance        Hex            ##......     12%         3    ###....

Your spell library contained the following spells:

 Spells                   Type           Power        Failure   Level  Hunger
 Confuse                  Hex            ##......     12%         3    ###....
 Ensorcelled Hibernation  Hex/Ice        #.....       14%         2    ###....
 Dazzling Spray           Conj/Hex       #.....       28%         3    ###....


Dungeon Overview and Level Annotations

Branches:
Dungeon (2/15)

Altars:


Innate Abilities, Weirdness & Mutations

You cannot be hasted, slowed, berserked, paralysed or teleported.
You can dig through walls and to a lower floor.
Your four strong arms can wield two-handed weapons with a shield.
You have a pair of large antennae on your head. (SInv)


Message History

The worm is heavily wounded.
You hit the worm but do no damage.
The worm is heavily wounded.
The worm barely misses you.
You barely miss the worm.
The worm is moderately wounded.
The worm bites you.
You hit the worm but do no damage.
The worm is moderately wounded.
The worm barely misses you.
You hit the worm.
The worm is moderately wounded.
You completely miss the worm.
The worm is moderately wounded.
The worm bites you.
* * * LOW HITPOINT WARNING * * *
You hit the worm.
The worm is heavily wounded.
The worm bites you!
You die...

### ..#
#########.#
..#
#..@w.....#
..#
#.#.######..#
..#####
#.#...#
......##
#.###.#
#..#.#
..###..# #.#
#.# #..#.#
..# ##.## #.#
#.# #..#.#
..# #..# #.#
#.# #..#.#
..# ##.## #.#
#.# #..#.#
.## #..# #.#
#.# #..#.#


You could see a worm.

Vanquished Creatures
  A dart slug (D:1)
  A leopard gecko (D:1)
  5 bats
  8 goblins
  7 hobgoblins
  2 jackals
  4 kobolds (D:1)
  A ball python (D:1)
  3 frilled lizards (D:2)
  7 rats
39 creatures vanquished.

Notes
Turn   | Place    | Note
-------+----------+-------------------------------------------
     0 | D:1      | Esekla the Formicid Enchanter began the quest for the Orb.
     0 | D:1      | Reached XP level 1. HP: 13/13 MP: 3/3
   154 | D:1      | Reached XP level 2. HP: 9/20 MP: 5/5
   725 | D:2      | Reached XP level 3. HP: 19/25 MP: 6/6
   790 | D:2      | Reached skill level 4 in Hexes
   946 | D:1      | Learned a level 3 spell: Tukima's Dance
   957 | D:1      | Reached skill level 1 in Fighting
  1364 | D:2      | Mangled by a worm

Vault maps used:
D:1:      sevenhm_arrival_forest_fort_small_3, minmay_strange_pillars,
          st_stairs_1, minmay_misc_feat_alley

Skill      XL: |  1  2  3 |
---------------+----------+-----
Hexes          | 4 |  4.0
Dodging        | 2 |  2.1
Fighting       | 1 |  1.2
Short Blades   | 2 |  2.0
Stealth        | |  3.8
Spellcasting   | |  2.4

Action                   || total
-------------------------++-------
Melee: Dagger            ||   134
       Hand axe          ||    45
Throw: Stone             ||     2
 Cast: Corona            ||     1
  Use: Scroll            ||     4
 Stab: Sleeping          ||     3
  Eat: Ration            ||     1
Armor: Robe              ||    48
Dodge: Dodged            ||   113

Table legend:
 A = Spawn XP
 B = Non-spawn XP
 C = Spawn XP percentage of total XP
 D = Spawn monster count
 E = Non-spawn monster count
 F = Spawn count percentage of total count
 G = Total turns spent on level
                    A         B        C        D         E        F      G
               +---------+---------+-------+---------+---------+-------+---------
         Total |       0 |      68 |   0.0 |       0 |      39 |   0.0 |  1364
               +---------+---------+-------+---------+---------+-------+---------
           D:1 |       0 |      41 |   0.0 |       0 |      22 |   0.0 |   574
           D:2 |       0 |      27 |   0.0 |       0 |      17 |   0.0 |   790
               +---------+---------+-------+---------+---------+-------+---------
